Sasquatch vs Senators
(R1)
Created - 11 décembre 2014 at 20:25
Goals
|
| Sasquatch |
0 |
4 |
0 |
4 |
| Senators |
1 |
0 |
1 |
2 |
|
Shots
|
| Sasquatch |
7 |
16 |
14 |
37 |
| Senators |
12 |
10 |
11 |
33 |
|
1st period
1. Senators , Niklas Hagman 13 (Shane Sims) at 13:48
Penalties :
Keith Yandle (Gat) for Delaying the game (Minor) at 14:12
2nd period
2. Sasquatch , Oskar Osala 11 (Yann Sauvé, Kevin Porter) at 6:14
3. Sasquatch , Matt Frattin 8 (Matt Niskanen, Josh Bailey) at 11:12
4. Sasquatch , Jakub Voracek 13 (Derek Stepan) at 11:51 (PP)
5. Sasquatch , Joe Corvo 1 (Derek Stepan) at 19:43
Penalties :
Sergei Kostitsyn (BIN) for Slashing (Minor) at 11:50, Derek Stepan (Gat) for Tripping (Minor) at 13:09
3rd period
6. Senators , Niklas Hagman 14 (Tyson Barrie) at 1:11
Penalties :
Steven Goertzen (BIN) for Hooking (Minor) at 2:17, Erik Karlsson (BIN) for Hooking (Minor) at 11:30, Oskar Osala (Gat) for Tripping (Minor) at 12:36
Goalie Stats
Anders Lindback (Gat), 31 saves from 33 shots - (0,939), W, 9-7-1, 60:00 minutes
Jacob Markstrom (BIN), 33 saves from 37 shots - (0,892), L, 6-14-3, 60:00 minutes
Players Stats for Sasquatch
Player Name G A P +/- PIM S H SB GA TA FO MP PP MP PK MP
------------------------------------------------------------------------------------
Brandon Bochenski 0 0 0 1 0 1 3 0 1 0 0/1 16:14 1:29 1:33
Cam Atkinson 0 0 0 0 0 2 3 0 0 0 0/0 9:08 0:00 0:00
D.J King 0 0 0 -1 0 3 4 0 1 1 0/0 20:06 1:37 2:17
Derek Stepan 0 2 2 -1 2 2 0 0 0 0 17/29 18:12 1:37 0:57
Jake Gardiner 0 0 0 -2 0 4 2 4 1 2 0/0 26:43 2:07 2:11
Jakub Voracek 1 0 1 -1 0 3 0 0 1 1 2/2 17:02 1:37 0:08
Joe Corvo 1 0 1 1 0 4 1 2 1 0 0/0 22:56 1:38 2:34
Josh Bailey 0 1 1 1 0 2 1 0 0 0 1/1 12:34 0:00 0:00
Keith Yandle 0 0 0 -2 2 3 1 0 0 0 0/0 17:22 0:00 1:16
Kevin Porter 0 1 1 1 0 1 3 2 1 0 6/11 17:30 1:29 2:20
Kyle Clifford 0 0 0 0 0 0 3 1 0 0 0/0 12:07 0:00 1:05
Luke Adam 0 0 0 1 0 0 0 0 0 0 0/1 11:35 0:00 0:00
Matt Frattin 1 0 1 1 0 4 3 0 2 0 0/0 12:06 0:00 0:00
Matt Niskanen 0 1 1 2 0 2 2 1 0 1 0/0 20:47 0:59 2:14
Nick Leddy 0 0 0 1 0 1 0 0 0 1 0/0 15:20 0:59 1:53
Oskar Osala 1 0 1 1 2 2 3 0 1 0 1/1 15:54 1:28 1:10
Stephane Da Costa 0 0 0 0 0 3 1 0 0 1 0/2 11:26 0:00 0:38
Yann Sauvé 0 1 1 2 0 0 0 0 0 0 0/0 16:58 0:29 0:00
Players Stats for Senators
Player Name G A P +/- PIM S H SB GA TA FO MP PP MP PK MP
------------------------------------------------------------------------------------
Brett Sterling 0 0 0 0 0 2 2 2 0 1 0/0 14:21 0:23 0:27
Cody Hodgson 0 0 0 0 0 2 0 5 1 0 1/3 13:45 0:00 0:27
Erik Haula 0 0 0 -1 0 0 1 0 0 0 1/3 11:58 0:00 0:03
Erik Karlsson 0 0 0 -1 2 3 1 4 0 0 0/0 18:31 2:22 0:42
Gabriel Bourque 0 0 0 -1 0 3 2 0 0 0 0/0 11:51 0:00 0:03
Jack Skille 0 0 0 0 0 0 1 0 0 0 0/0 10:36 0:27 0:00
Josh Hennessy 0 0 0 0 0 0 2 0 1 0 6/10 14:38 3:02 0:44
Logan Stephenson 0 0 0 -1 0 2 0 0 0 0 0/0 19:20 2:08 0:51
Milan Jurcina 0 0 0 -1 0 0 3 0 0 2 0/0 24:49 2:56 2:15
Niklas Hagman 2 0 2 0 0 4 1 0 1 1 0/0 19:10 1:39 1:52
Rob Niedermayer 0 0 0 0 0 5 3 0 0 0 12/30 19:10 1:39 1:52
Sergei Kostitsyn 0 0 0 0 2 3 5 0 0 1 0/0 12:39 1:59 0:00
Shane Sims 0 1 1 1 0 0 1 4 0 0 0/0 17:33 0:49 0:00
Stanislav Chistov 0 0 0 0 0 5 1 2 1 0 1/1 18:25 2:38 0:44
Steven Goertzen 0 0 0 0 2 1 3 0 1 0 0/1 16:28 1:59 0:00
Tyson Barrie 0 1 1 1 0 0 0 0 0 0 0/0 16:00 0:00 0:09
Vladimir Mihalik 0 0 0 -1 0 2 3 3 2 2 0/0 24:49 2:56 2:15
Zack Kassian 0 0 0 -1 0 1 0 1 0 2 0/0 11:55 0:23 0:00
3 Stars
1 - Niklas Hagman (BIN)
2 - Matt Frattin (Gat)
3 - Joe Corvo (Gat)
Power Play
Sasquatch - 1 on 3 Attempt(s) - 33,33%
Senators - 0 on 3 Attempt(s) - 0,00%
Penalty Kill
Sasquatch - 3 on 3 Attempt(s) - 100,00%
- Score 0 goal in Penalty Kill
Senators - 2 on 3 Attempt(s) - 66,67%
- Score 0 goal in Penalty Kill
Official
Referees : McCauley Wes and Ciamaga Chris
Linesman : Bryan Pancich and Tony Sericolo
Game Notes
No Game Note
Finance
Level 1 -- Attendance: 1380 (69,00%) -- Ticket Income 41 400 $
Level 2 -- Attendance: 684 (68,40%) -- Ticket Income 6 840 $
Total Attendance: 2064 (68,80%)
Total Ticket Income: 48 240 $
Other Income: 2 412 $
Total Income: 50 652 $
Sasquatch
5 vs 5 Forward
Center Left Wing Right Wing Time % Phy DF OF
1 Derek Stepan D.J King Jakub Voracek 40 1 2 2
2 Kevin Porter Oskar Osala Brandon Bochenski 30 1 2 2
3 Stephane Da Costa Kyle Clifford Cam Atkinson 20 1 2 2
4 Luke Adam Josh Bailey Matt Frattin 10 1 2 2
5 vs 5 Defense
Defense Defense Time % Phy DF OF
1 Keith Yandle Jake Gardiner 40 1 2 2
2 Matt Niskanen Yann Sauvé 30 1 2 2
3 Joe Corvo Nick Leddy 20 1 2 2
4 Joe Corvo Jake Gardiner 10 1 2 2
PowerPlay Forward
Center Left Wing Right Wing Time % Phy DF OF
1 Derek Stepan D.J King Jakub Voracek 60 1 2 2
2 Kevin Porter Oskar Osala Brandon Bochenski 40 1 2 2
PowerPlay Defense
Defense Defense Time % Phy DF OF
1 Joe Corvo Jake Gardiner 60 1 2 2
2 Matt Niskanen Nick Leddy 40 1 2 2
Penalty Kill 4 Players Forward
Center Wing Time % Phy DF OF
1 Kevin Porter D.J King 60 1 2 2
2 Brandon Bochenski Oskar Osala 40 1 2 2
Penalty Kill 4 Players Defense
Defense Defense Time % Phy DF OF
1 Joe Corvo Jake Gardiner 60 1 2 2
2 Matt Niskanen Keith Yandle 40 1 2 2
Penalty Kill - 3 Players Forward
Forward Time % Phy DF OF
1 Kevin Porter 60 1 2 2
2 D.J King 40 1 2 2
Penalty Kill - 3 Players Defense
Defense Defense Time % Phy DF OF
1 Joe Corvo Jake Gardiner 60 1 2 2
2 Matt Niskanen Keith Yandle 40 1 2 2
4 vs 4 Forward
Center Wing Time % Phy DF OF
1 Kevin Porter D.J King 60 1 2 2
2 Derek Stepan Jakub Voracek 40 1 2 2
4 vs 4 Defense
Defense Defense Time % Phy DF OF
1 Joe Corvo Jake Gardiner 60 1 2 2
2 Matt Niskanen Keith Yandle 40 1 2 2
Last Minutes Offensive
Center Left Wing Right Wing Defense Defense
Derek Stepan D.J King Jakub Voracek Joe Corvo Jake Gardiner
Last Minutes Defensive
Center Left Wing Right Wing Defense Defense
Kevin Porter D.J King Jakub Voracek Joe Corvo Jake Gardiner
Goaltenders
Starting : Anders Lindback
Backup : Marek Schwarz
Extra Forwards
Normal : Brandon Bochenski, Stephane Da Costa, Josh Bailey - PP : Brandon Bochenski, Stephane Da Costa - PK : Derek Stepan
Extra Defensemen
Normal : Yann Sauvé, Nick Leddy, Matt Niskanen - PP : Yann Sauvé - PK : Nick Leddy, Matt Niskanen
Penalty Shots
Cam Atkinson, Oskar Osala, Brandon Bochenski, Joe Corvo, Matt Frattin
Senators
5 vs 5 Forward
Center Left Wing Right Wing Time % Phy DF OF
1 Rob Niedermayer Niklas Hagman Stanislav Chistov 39 1 2 2
2 Josh Hennessy Sergei Kostitsyn Steven Goertzen 29 1 2 2
3 Cody Hodgson Brett Sterling Jack Skille 19 1 2 2
4 Erik Haula Gabriel Bourque Zack Kassian 13 1 2 2
5 vs 5 Defense
Defense Defense Time % Phy DF OF
1 Vladimir Mihalik Milan Jurcina 40 1 2 2
2 Logan Stephenson Erik Karlsson 30 1 2 2
3 Shane Sims Tyson Barrie 20 1 2 2
4 Vladimir Mihalik Milan Jurcina 10 1 2 2
PowerPlay Forward
Center Left Wing Right Wing Time % Phy DF OF
1 Rob Niedermayer Niklas Hagman Stanislav Chistov 60 1 2 2
2 Josh Hennessy Sergei Kostitsyn Steven Goertzen 40 1 2 2
PowerPlay Defense
Defense Defense Time % Phy DF OF
1 Vladimir Mihalik Milan Jurcina 60 1 2 2
2 Logan Stephenson Erik Karlsson 40 1 2 2
Penalty Kill 4 Players Forward
Center Wing Time % Phy DF OF
1 Rob Niedermayer Niklas Hagman 60 1 2 2
2 Josh Hennessy Stanislav Chistov 40 1 2 2
Penalty Kill 4 Players Defense
Defense Defense Time % Phy DF OF
1 Vladimir Mihalik Milan Jurcina 60 1 2 2
2 Logan Stephenson Erik Karlsson 40 1 2 2
Penalty Kill - 3 Players Forward
Forward Time % Phy DF OF
1 Rob Niedermayer 60 1 2 2
2 Niklas Hagman 40 1 2 2
Penalty Kill - 3 Players Defense
Defense Defense Time % Phy DF OF
1 Vladimir Mihalik Milan Jurcina 60 1 2 2
2 Logan Stephenson Erik Karlsson 40 1 2 2
4 vs 4 Forward
Center Wing Time % Phy DF OF
1 Rob Niedermayer Niklas Hagman 60 1 2 2
2 Josh Hennessy Stanislav Chistov 40 1 2 2
4 vs 4 Defense
Defense Defense Time % Phy DF OF
1 Vladimir Mihalik Milan Jurcina 60 1 2 2
2 Logan Stephenson Erik Karlsson 40 1 2 2
Last Minutes Offensive
Center Left Wing Right Wing Defense Defense
Rob Niedermayer Niklas Hagman Stanislav Chistov Vladimir Mihalik Milan Jurcina
Last Minutes Defensive
Center Left Wing Right Wing Defense Defense
Rob Niedermayer Niklas Hagman Stanislav Chistov Vladimir Mihalik Milan Jurcina
Goaltenders
Starting : Jacob Markstrom
Backup : Alexander Salak
Extra Forwards
Normal : Jack Skille, Brett Sterling, Cody Hodgson - PP : Jack Skille, Brett Sterling - PK : Cody Hodgson
Extra Defensemen
Normal : Shane Sims, Tyson Barrie, Logan Stephenson - PP : Shane Sims - PK : Tyson Barrie, Logan Stephenson
Penalty Shots
Rob Niedermayer, Niklas Hagman, Josh Hennessy, Stanislav Chistov, Sergei Kostitsyn
% Time on Ice - Sasquatch
Lines # - Real PCT - Wanted PCT - Time Play
Normal Forward
1 - 33% - 40% - 16:55
2 - 26% - 30% - 13:19
3 - 18% - 20% - 9:08
4 - 23% - 10% - 11:35
Normal Defense
1 - 38% - 40% - 19:20
2 - 34% - 30% - 17:10
3 - 21% - 20% - 10:47
4 - 7% - 10% - 3:40
PP Forward
1 - 52% - 60% - 1:37
2 - 48% - 40% - 1:29
PP Defense
1 - 68% - 60% - 2:07
2 - 32% - 40% - 0:59
PK Forward
1 - 67% - 60% - 3:23
2 - 33% - 40% - 1:41
PK Defense
1 - 56% - 60% - 2:50
2 - 44% - 40% - 2:14
PK3 Forward
1 - 0% - 60%
2 - 0% - 40%
PK3 Defense
1 - 0% - 60%
2 - 0% - 40%
44 Forward
1 - 85% - 60% - 0:45
2 - 15% - 40% - 0:08
44 Defense
1 - 55% - 60% - 0:29
2 - 45% - 40% - 0:24
Last Minute Offensive - 0:00
Last Minute Defensive - 0:00
Total
Forward - 60:00
Defense - 60:00
|
% Time on Ice - Senators
Lines # - Real PCT - Wanted PCT - Time Play
Normal Forward
1 - 37% - 39% - 18:56
2 - 22% - 29% - 11:10
3 - 18% - 19% - 9:19
4 - 23% - 13% - 11:32
Normal Defense
1 - 36% - 40% - 18:16
2 - 30% - 30% - 15:28
3 - 31% - 20% - 15:51
4 - 3% - 10% - 1:22
PP Forward
1 - 40% - 60% - 2:02
2 - 60% - 40% - 3:02
PP Defense
1 - 58% - 60% - 2:56
2 - 42% - 40% - 2:08
PK Forward
1 - 76% - 60% - 2:22
2 - 24% - 40% - 0:44
PK Defense
1 - 73% - 60% - 2:15
2 - 27% - 40% - 0:51
PK3 Forward
1 - 0% - 60%
2 - 0% - 40%
PK3 Defense
1 - 0% - 60%
2 - 0% - 40%
44 Forward
1 - 79% - 60% - 0:42
2 - 21% - 40% - 0:11
44 Defense
1 - 0% - 60% - 0:00
2 - 100% - 40% - 0:53
Last Minute Offensive - 0:00
Last Minute Defensive - 0:00
Total
Forward - 60:00
Defense - 60:00
|
Play by Play
1st period
0:01 of 1st period - Derek Stepan wins face-off versus Rob Niedermayer in neutral zone.
0:26 of 1st period - Milan Jurcina is hit by Kyle Clifford and loses puck.
0:31 of 1st period - Snap shot by Stephane Da Costa.
0:31 of 1st period - Stopped by Jacob Markstrom with a rebound.
0:55 of 1st period - Jack Skille is hit by Oskar Osala and loses puck.
1:22 of 1st period - Matt Niskanen is hit by Erik Haula and loses puck.
1:37 of 1st period - Wrist shot by Rob Niedermayer.
1:37 of 1st period - Stopped by Anders Lindback with a rebound.
1:43 of 1st period - Slapshot by Stanislav Chistov.
1:43 of 1st period - Shot Misses the Net.
3:33 of 1st period - Brett Sterling is hit by Keith Yandle and loses puck.
3:46 of 1st period - Erik Karlsson is hit by Jake Gardiner and loses puck.
4:48 of 1st period - Jake Gardiner is hit by Milan Jurcina and loses puck.
5:34 of 1st period - Nick Leddy is hit by Steven Goertzen and loses puck.
5:53 of 1st period - Snap shot by Jakub Voracek.
5:53 of 1st period - Stopped by Jacob Markstrom with a rebound.
5:55 of 1st period - Slapshot by Keith Yandle.
5:55 of 1st period - Shot Blocked by Erik Karlsson.
5:57 of 1st period - Snap shot by D.J King.
5:57 of 1st period - Shot Misses the Net.
6:03 of 1st period - Wrist shot by D.J King.
6:03 of 1st period - Stopped by Jacob Markstrom with a rebound.
6:37 of 1st period - Snap shot by Niklas Hagman.
6:37 of 1st period - Stopped by Anders Lindback without a rebound.
6:38 of 1st period - Rob Niedermayer wins face-off versus Stephane Da Costa in Sasquatch zone.
6:41 of 1st period - Wrist shot by Stanislav Chistov.
6:41 of 1st period - Shot Misses the Net.
6:47 of 1st period - Snap shot by Rob Niedermayer.
6:47 of 1st period - Stopped by Anders Lindback with a rebound.
7:00 of 1st period - Slapshot by Stanislav Chistov.
7:00 of 1st period - Shot Misses the Net.
7:02 of 1st period - Wrist shot by Stanislav Chistov.
7:02 of 1st period - Stopped by Anders Lindback with a rebound.
7:06 of 1st period - Slapshot by Stanislav Chistov.
7:06 of 1st period - Stopped by Anders Lindback with a rebound.
7:08 of 1st period - Slapshot by Niklas Hagman.
7:08 of 1st period - Stopped by Anders Lindback without a rebound.
7:09 of 1st period - Derek Stepan wins face-off versus Josh Hennessy in Sasquatch zone.
8:05 of 1st period - Stanislav Chistov is hit by Cam Atkinson and loses puck.
8:47 of 1st period - Derek Stepan is hit by Steven Goertzen and loses puck.
9:48 of 1st period - Milan Jurcina is hit by Kyle Clifford and loses puck.
9:55 of 1st period - Matt Niskanen is hit by Gabriel Bourque.
10:09 of 1st period - Slapshot by Derek Stepan.
10:09 of 1st period - Deflect By D.J King.
10:09 of 1st period - Deflect By Steven Goertzen.
10:09 of 1st period - Shot Misses the Net.
10:09 of 1st period - Puck is out of play.
10:10 of 1st period - Derek Stepan wins face-off versus Josh Hennessy in Senators zone.
10:23 of 1st period - Wrist shot by Steven Goertzen.
10:23 of 1st period - Shot Misses the Net.
10:25 of 1st period - Slapshot by Logan Stephenson.
10:25 of 1st period - Stopped by Anders Lindback with a rebound.
10:58 of 1st period - Rob Niedermayer is hit by Oskar Osala and loses puck.
11:22 of 1st period - Joe Corvo is hit by Josh Hennessy and loses puck.
11:44 of 1st period - Off-side.
11:45 of 1st period - Erik Haula wins face-off versus Luke Adam in neutral zone.
11:51 of 1st period - Backhand shot by Keith Yandle.
11:51 of 1st period - Deflect By Vladimir Mihalik.
11:51 of 1st period - Stopped by Jacob Markstrom with a rebound.
11:53 of 1st period - Slapshot by Jake Gardiner.
11:53 of 1st period - Stopped by Jacob Markstrom without a rebound.
11:54 of 1st period - Derek Stepan wins face-off versus Rob Niedermayer in Senators zone.
11:59 of 1st period - Wrist shot by Jakub Voracek.
11:59 of 1st period - Stopped by Jacob Markstrom without a rebound.
12:00 of 1st period - Derek Stepan wins face-off versus Rob Niedermayer in Senators zone.
12:25 of 1st period - Brandon Bochenski is hit by Josh Hennessy.
12:39 of 1st period - Josh Hennessy is hit by Brandon Bochenski and loses puck.
12:58 of 1st period - Wrist shot by Brett Sterling.
12:58 of 1st period - Stopped by Anders Lindback with a rebound.
13:00 of 1st period - Wrist shot by Cody Hodgson.
13:00 of 1st period - Shot Blocked by Joe Corvo.
13:28 of 1st period - Snap shot by Cam Atkinson.
13:28 of 1st period - Shot Blocked by Erik Karlsson.
13:30 of 1st period - Snap shot by Cam Atkinson.
13:30 of 1st period - Shot Misses the Net.
13:32 of 1st period - Snap shot by Cam Atkinson.
13:32 of 1st period - Stopped by Jacob Markstrom with a rebound.
13:34 of 1st period - Slapshot by Joe Corvo.
13:34 of 1st period - Shot Blocked by Erik Karlsson.
13:36 of 1st period - Wrist shot by Kyle Clifford.
13:36 of 1st period - Deflect By Stephane Da Costa.
13:36 of 1st period - Shot Misses the Net.
13:36 of 1st period - Puck is out of play.
13:37 of 1st period - Jakub Voracek wins face-off versus Rob Niedermayer in Senators zone.
13:48 of 1st period - Snap shot by Niklas Hagman.
13:48 of 1st period - Goal by Niklas Hagman - Sasquatch : 0 - Senators : 1.
13:49 of 1st period - Derek Stepan wins face-off versus Rob Niedermayer in neutral zone.
14:12 of 1st period - Minor Penalty to Keith Yandle for Delaying the game.
14:13 of 1st period - Rob Niedermayer wins face-off versus Kevin Porter in Sasquatch zone.
16:05 of 1st period - Slapshot by Derek Stepan.
16:05 of 1st period - Shot Misses the Net.
16:11 of 1st period - Derek Stepan is hit by Milan Jurcina and loses puck.
16:12 of 1st period - Penalty to Keith Yandle is over, Keith Yandle is back on ice.
16:24 of 1st period - Matt Frattin is hit by Brett Sterling and loses puck.
16:46 of 1st period - Zack Kassian is hit by Matt Frattin and loses puck.
17:16 of 1st period - Snap shot by Josh Bailey.
17:16 of 1st period - Shot Blocked by Shane Sims.
18:04 of 1st period - Zack Kassian is hit by Jake Gardiner and loses puck.
18:11 of 1st period - Wrist shot by Zack Kassian.
18:11 of 1st period - Stopped by Anders Lindback with a rebound.
18:13 of 1st period - Snap shot by Tyson Barrie.
18:13 of 1st period - Shot Blocked by Joe Corvo.
18:15 of 1st period - Wrist shot by Gabriel Bourque.
18:15 of 1st period - Stopped by Anders Lindback with a rebound.
18:27 of 1st period - Wrist shot by Joe Corvo.
18:27 of 1st period - Shot Blocked by Shane Sims.
18:55 of 1st period - Snap shot by Josh Bailey.
18:55 of 1st period - Shot Misses the Net.
19:05 of 1st period - Erik Haula is hit by Matt Frattin and loses puck.
19:36 of 1st period - Wrist shot by Gabriel Bourque.
19:36 of 1st period - Stopped by Anders Lindback with a rebound.
Goals for this period are 0 for Sasquatch vs 1 for Senators.
Shots for this period are 7 for Sasquatch vs 12 for Senators.
2nd period
0:01 of 2nd period - Derek Stepan wins face-off versus Rob Niedermayer in neutral zone.
0:14 of 2nd period - Snap shot by Rob Niedermayer.
0:14 of 2nd period - Stopped by Anders Lindback with a rebound.
0:16 of 2nd period - Snap shot by Stanislav Chistov.
0:16 of 2nd period - Shot Blocked by Matt Niskanen.
0:26 of 2nd period - Vladimir Mihalik is hit by Matt Niskanen and loses puck.
0:31 of 2nd period - Slapshot by Jake Gardiner.
0:31 of 2nd period - Stopped by Jacob Markstrom without a rebound.
0:32 of 2nd period - Josh Hennessy wins face-off versus Kevin Porter in Senators zone.
0:37 of 2nd period - Snap shot by Steven Goertzen.
0:37 of 2nd period - Shot Blocked by Jake Gardiner.
0:39 of 2nd period - Wrist shot by Sergei Kostitsyn.
0:39 of 2nd period - Stopped by Anders Lindback without a rebound.
0:40 of 2nd period - Derek Stepan wins face-off versus Josh Hennessy in Sasquatch zone.
0:40 of 2nd period - Derek Stepan is hit by Sergei Kostitsyn.
1:43 of 2nd period - Icing by Brett Sterling.
1:44 of 2nd period - Derek Stepan wins face-off versus Erik Haula in Senators zone.
1:47 of 2nd period - Snap shot by D.J King.
1:47 of 2nd period - Stopped by Jacob Markstrom with a rebound.
1:53 of 2nd period - Wrist shot by Derek Stepan.
1:53 of 2nd period - Shot Blocked by Erik Karlsson.
1:55 of 2nd period - Slapshot by Joe Corvo.
1:55 of 2nd period - Stopped by Jacob Markstrom with a rebound.
1:57 of 2nd period - Slapshot by Nick Leddy.
1:57 of 2nd period - Shot Blocked by Zack Kassian.
1:59 of 2nd period - Snap shot by Jakub Voracek.
1:59 of 2nd period - Shot Misses the Net.
3:11 of 2nd period - Derek Stepan is hit by Rob Niedermayer and loses puck.
3:39 of 2nd period - Wrist shot by Cody Hodgson.
3:39 of 2nd period - Shot Blocked by Jake Gardiner.
3:41 of 2nd period - Wrist shot by Cody Hodgson.
3:41 of 2nd period - Stopped by Anders Lindback with a rebound.
3:59 of 2nd period - Milan Jurcina is hit by Cam Atkinson and loses puck.
4:30 of 2nd period - Jack Skille is hit by D.J King and loses puck.
4:47 of 2nd period - Matt Niskanen is hit by Sergei Kostitsyn and loses puck.
5:11 of 2nd period - Yann Sauvé is hit by Rob Niedermayer and loses puck.
5:22 of 2nd period - Milan Jurcina is hit by Matt Niskanen and loses puck.
5:57 of 2nd period - Jakub Voracek is hit by Sergei Kostitsyn and loses puck.
6:10 of 2nd period - Snap shot by Kevin Porter.
6:10 of 2nd period - Shot Misses the Net.
6:12 of 2nd period - Snap shot by Yann Sauvé.
6:12 of 2nd period - Shot Misses the Net.
6:14 of 2nd period - Slapshot by Oskar Osala.
6:14 of 2nd period - Goal by Oskar Osala - Sasquatch : 1 - Senators : 1.
6:15 of 2nd period - Stanislav Chistov wins face-off versus Derek Stepan in neutral zone.
6:20 of 2nd period - Snap shot by Stanislav Chistov.
6:20 of 2nd period - Stopped by Anders Lindback with a rebound.
7:06 of 2nd period - Snap shot by Niklas Hagman.
7:06 of 2nd period - Shot Blocked by Kyle Clifford.
7:14 of 2nd period - Niklas Hagman is hit by Stephane Da Costa and loses puck.
7:23 of 2nd period - Slapshot by Cam Atkinson.
7:23 of 2nd period - Stopped by Jacob Markstrom without a rebound.
7:24 of 2nd period - Josh Hennessy wins face-off versus Derek Stepan in Senators zone.
7:31 of 2nd period - Steven Goertzen is hit by D.J King and loses puck.
7:58 of 2nd period - Off-side.
7:59 of 2nd period - Kevin Porter wins face-off versus Cody Hodgson in neutral zone.
8:06 of 2nd period - Slapshot by Oskar Osala.
8:06 of 2nd period - Shot Blocked by Brett Sterling.
8:08 of 2nd period - Snap shot by Kevin Porter.
8:08 of 2nd period - Shot Misses the Net.
8:10 of 2nd period - Slapshot by Joe Corvo.
8:10 of 2nd period - Shot Blocked by Cody Hodgson.
8:12 of 2nd period - Slapshot by Jake Gardiner.
8:12 of 2nd period - Deflect By Oskar Osala.
8:12 of 2nd period - Stopped by Jacob Markstrom without a rebound.
8:13 of 2nd period - Josh Hennessy wins face-off versus Derek Stepan in Senators zone.
8:42 of 2nd period - Off-side.
8:43 of 2nd period - Oskar Osala wins face-off versus Rob Niedermayer in neutral zone.
8:50 of 2nd period - Snap shot by Oskar Osala.
8:50 of 2nd period - Shot Misses the Net.
8:54 of 2nd period - Snap shot by Brandon Bochenski.
8:54 of 2nd period - Shot Blocked by Stanislav Chistov.
8:56 of 2nd period - Wrist shot by Oskar Osala.
8:56 of 2nd period - Shot Misses the Net.
9:14 of 2nd period - Wrist shot by Derek Stepan.
9:14 of 2nd period - Stopped by Jacob Markstrom without a rebound.
9:15 of 2nd period - Josh Hennessy wins face-off versus Derek Stepan in Senators zone.
9:17 of 2nd period - Icing by Vladimir Mihalik.
9:18 of 2nd period - Josh Hennessy wins face-off versus Derek Stepan in Senators zone.
9:27 of 2nd period - Wrist shot by Sergei Kostitsyn.
9:27 of 2nd period - Stopped by Anders Lindback without a rebound.
9:28 of 2nd period - Rob Niedermayer wins face-off versus Derek Stepan in Sasquatch zone.
9:45 of 2nd period - Jakub Voracek is hit by Vladimir Mihalik and loses puck.
10:01 of 2nd period - Snap shot by Kevin Porter.
10:01 of 2nd period - Stopped by Jacob Markstrom with a rebound.
10:39 of 2nd period - Slapshot by Erik Karlsson.
10:39 of 2nd period - Stopped by Anders Lindback with a rebound.
10:41 of 2nd period - Wrist shot by Logan Stephenson.
10:41 of 2nd period - Stopped by Anders Lindback without a rebound.
10:42 of 2nd period - Josh Bailey wins face-off versus Erik Haula in Sasquatch zone.
11:12 of 2nd period - Wrist shot by Matt Frattin.
11:12 of 2nd period - Goal by Matt Frattin - Sasquatch : 2 - Senators : 1.
11:13 of 2nd period - Rob Niedermayer wins face-off versus Derek Stepan in neutral zone.
11:16 of 2nd period - Keith Yandle is hit by Rob Niedermayer and loses puck.
11:27 of 2nd period - Wrist shot by Jake Gardiner.
11:27 of 2nd period - Stopped by Jacob Markstrom with a rebound.
11:29 of 2nd period - Wrist shot by Derek Stepan.
11:29 of 2nd period - Stopped by Jacob Markstrom without a rebound.
11:30 of 2nd period - Kevin Porter wins face-off versus Steven Goertzen in Senators zone.
11:50 of 2nd period - Minor Penalty to Sergei Kostitsyn for Slashing.
11:51 of 2nd period - Derek Stepan wins face-off versus Rob Niedermayer in Senators zone.
11:51 of 2nd period - Snap shot by Jakub Voracek.
11:51 of 2nd period - Goal by Jakub Voracek - Sasquatch : 3 - Senators : 1.
11:52 of 2nd period - Derek Stepan wins face-off versus Rob Niedermayer in neutral zone.
11:56 of 2nd period - Jake Gardiner is hit by Milan Jurcina and loses puck.
13:07 of 2nd period - Snap shot by Niklas Hagman.
13:07 of 2nd period - Shot Blocked by Jake Gardiner.
13:09 of 2nd period - Minor Penalty to Derek Stepan for Tripping.
13:10 of 2nd period - Kevin Porter wins face-off versus Josh Hennessy in Sasquatch zone.
13:10 of 2nd period - Kevin Porter is hit by Sergei Kostitsyn.
14:51 of 2nd period - Rob Niedermayer is hit by Brandon Bochenski and loses puck.
15:09 of 2nd period - Penalty to Derek Stepan is over, Derek Stepan is back on ice.
16:36 of 2nd period - Wrist shot by Matt Frattin.
16:36 of 2nd period - Shot Misses the Net.
16:48 of 2nd period - Sergei Kostitsyn is hit by Oskar Osala and loses puck.
17:47 of 2nd period - Josh Bailey is hit by Vladimir Mihalik.
18:09 of 2nd period - Yann Sauvé is hit by Steven Goertzen and loses puck.
18:22 of 2nd period - Snap shot by Brandon Bochenski.
18:22 of 2nd period - Stopped by Jacob Markstrom without a rebound.
18:23 of 2nd period - Kevin Porter wins face-off versus Cody Hodgson in Senators zone.
18:38 of 2nd period - Oskar Osala is hit by Vladimir Mihalik and loses puck.
18:50 of 2nd period - Brett Sterling is hit by Brandon Bochenski and loses puck.
18:57 of 2nd period - Slapshot by Oskar Osala.
18:57 of 2nd period - Shot Blocked by Vladimir Mihalik.
18:59 of 2nd period - Backhand shot by Nick Leddy.
18:59 of 2nd period - Deflect By Milan Jurcina.
18:59 of 2nd period - Stopped by Jacob Markstrom with a rebound.
19:01 of 2nd period - Snap shot by Kevin Porter.
19:01 of 2nd period - Shot Blocked by Vladimir Mihalik.
19:03 of 2nd period - Backhand shot by Joe Corvo.
19:03 of 2nd period - Stopped by Jacob Markstrom with a rebound.
19:05 of 2nd period - Wrist shot by Kevin Porter.
19:05 of 2nd period - Shot Misses the Net.
19:07 of 2nd period - Snap shot by Brandon Bochenski.
19:07 of 2nd period - Shot Blocked by Cody Hodgson.
19:17 of 2nd period - Slapshot by Brett Sterling.
19:17 of 2nd period - Shot Blocked by Kevin Porter.
19:34 of 2nd period - Snap shot by Brett Sterling.
19:34 of 2nd period - Shot Blocked by Jake Gardiner.
19:36 of 2nd period - Slapshot by Erik Karlsson.
19:36 of 2nd period - Stopped by Anders Lindback without a rebound.
19:37 of 2nd period - Derek Stepan wins face-off versus Rob Niedermayer in Sasquatch zone.
19:37 of 2nd period - Derek Stepan is hit by Niklas Hagman.
19:43 of 2nd period - Slapshot by Joe Corvo.
19:43 of 2nd period - Goal by Joe Corvo - Sasquatch : 4 - Senators : 1.
19:44 of 2nd period - Derek Stepan wins face-off versus Rob Niedermayer in neutral zone.
19:53 of 2nd period - Wrist shot by Rob Niedermayer.
19:53 of 2nd period - Stopped by Anders Lindback with a rebound.
19:55 of 2nd period - Slapshot by Erik Karlsson.
19:55 of 2nd period - Stopped by Anders Lindback without a rebound.
19:56 of 2nd period - Derek Stepan wins face-off versus Rob Niedermayer in Sasquatch zone.
Goals for this period are 4 for Sasquatch vs 0 for Senators.
Shots for this period are 16 for Sasquatch vs 10 for Senators.
3rd period
0:01 of 3rd period - Rob Niedermayer wins face-off versus Derek Stepan in neutral zone.
0:10 of 3rd period - Snap shot by Niklas Hagman.
0:10 of 3rd period - Shot Hit the Post.
0:12 of 3rd period - Slapshot by Vladimir Mihalik.
0:12 of 3rd period - Shot Misses the Net.
0:14 of 3rd period - Snap shot by Rob Niedermayer.
0:14 of 3rd period - Stopped by Anders Lindback with a rebound.
0:16 of 3rd period - Backhand shot by Vladimir Mihalik.
0:16 of 3rd period - Stopped by Anders Lindback with a rebound.
0:26 of 3rd period - Milan Jurcina is hit by Kevin Porter and loses puck.
0:56 of 3rd period - Snap shot by Brett Sterling.
0:56 of 3rd period - Shot Misses the Net.
0:58 of 3rd period - Wrist shot by Cody Hodgson.
0:58 of 3rd period - Stopped by Anders Lindback without a rebound.
0:59 of 3rd period - Derek Stepan wins face-off versus Rob Niedermayer in Sasquatch zone.
0:59 of 3rd period - Derek Stepan is hit by Stanislav Chistov.
1:11 of 3rd period - Slapshot by Niklas Hagman.
1:11 of 3rd period - Goal by Niklas Hagman - Sasquatch : 4 - Senators : 2.
1:12 of 3rd period - Jakub Voracek wins face-off versus Rob Niedermayer in neutral zone.
1:15 of 3rd period - Slapshot by Derek Stepan.
1:15 of 3rd period - Shot Blocked by Stanislav Chistov.
1:17 of 3rd period - Slapshot by Jake Gardiner.
1:17 of 3rd period - Stopped by Jacob Markstrom without a rebound.
1:18 of 3rd period - Rob Niedermayer wins face-off versus Derek Stepan in Senators zone.
1:31 of 3rd period - Wrist shot by Stanislav Chistov.
1:31 of 3rd period - Deflect By Jakub Voracek.
1:31 of 3rd period - Stopped by Anders Lindback without a rebound.
1:32 of 3rd period - Josh Hennessy wins face-off versus Derek Stepan in Sasquatch zone.
1:35 of 3rd period - Wrist shot by Sergei Kostitsyn.
1:35 of 3rd period - Stopped by Anders Lindback with a rebound.
1:41 of 3rd period - Nick Leddy is hit by Sergei Kostitsyn and loses puck.
2:03 of 3rd period - Slapshot by Erik Karlsson.
2:03 of 3rd period - Shot Misses the Net.
2:17 of 3rd period - Minor Penalty to Steven Goertzen for Hooking.
2:18 of 3rd period - Rob Niedermayer wins face-off versus Derek Stepan in Senators zone.
2:33 of 3rd period - Slapshot by Joe Corvo.
2:33 of 3rd period - Stopped by Jacob Markstrom without a rebound.
2:34 of 3rd period - Derek Stepan wins face-off versus Rob Niedermayer in Senators zone.
2:35 of 3rd period - Wrist shot by Jakub Voracek.
2:35 of 3rd period - Shot Blocked by Vladimir Mihalik.
2:47 of 3rd period - Snap shot by Derek Stepan.
2:47 of 3rd period - Shot Misses the Net.
2:57 of 3rd period - Rob Niedermayer is hit by Kevin Porter and loses puck.
3:22 of 3rd period - Josh Hennessy is hit by D.J King and loses puck.
3:49 of 3rd period - Brandon Bochenski is hit by Brett Sterling and loses puck.
4:17 of 3rd period - Penalty to Steven Goertzen is over, Steven Goertzen is back on ice.
4:24 of 3rd period - Steven Goertzen is hit by Cam Atkinson and loses puck.
4:29 of 3rd period - Snap shot by Stephane Da Costa.
4:29 of 3rd period - Stopped by Jacob Markstrom with a rebound.
4:31 of 3rd period - Snap shot by Cam Atkinson.
4:31 of 3rd period - Shot Misses the Net.
4:33 of 3rd period - Snap shot by Stephane Da Costa.
4:33 of 3rd period - Stopped by Jacob Markstrom with a rebound.
4:35 of 3rd period - Wrist shot by Kyle Clifford.
4:35 of 3rd period - Shot Misses the Net.
4:45 of 3rd period - Snap shot by Steven Goertzen.
4:45 of 3rd period - Stopped by Anders Lindback with a rebound.
5:18 of 3rd period - Slapshot by Matt Frattin.
5:18 of 3rd period - Shot Blocked by Cody Hodgson.
5:20 of 3rd period - Slapshot by Yann Sauvé.
5:20 of 3rd period - Shot Blocked by Shane Sims.
5:22 of 3rd period - Snap shot by Matt Niskanen.
5:22 of 3rd period - Shot Misses the Net.
5:24 of 3rd period - Wrist shot by Matt Frattin.
5:24 of 3rd period - Stopped by Jacob Markstrom with a rebound.
5:26 of 3rd period - Slapshot by Matt Niskanen.
5:26 of 3rd period - Stopped by Jacob Markstrom with a rebound.
5:28 of 3rd period - Snap shot by Yann Sauvé.
5:28 of 3rd period - Shot Misses the Net.
5:30 of 3rd period - Wrist shot by Matt Frattin.
5:30 of 3rd period - Shot Blocked by Shane Sims.
5:44 of 3rd period - Brett Sterling is hit by Josh Bailey and loses puck.
5:49 of 3rd period - Wrist shot by Josh Bailey.
5:49 of 3rd period - Stopped by Jacob Markstrom with a rebound.
5:51 of 3rd period - Snap shot by Josh Bailey.
5:51 of 3rd period - Stopped by Jacob Markstrom with a rebound.
5:53 of 3rd period - Slapshot by Matt Niskanen.
5:53 of 3rd period - Shot Misses the Net.
6:03 of 3rd period - Snap shot by Matt Frattin.
6:03 of 3rd period - Stopped by Jacob Markstrom with a rebound.
6:05 of 3rd period - Wrist shot by Josh Bailey.
6:05 of 3rd period - Shot Blocked by Cody Hodgson.
6:07 of 3rd period - Snap shot by Matt Frattin.
6:07 of 3rd period - Shot Blocked by Brett Sterling.
6:25 of 3rd period - Steven Goertzen is hit by Matt Frattin and loses puck.
7:40 of 3rd period - Snap shot by Matt Niskanen.
7:40 of 3rd period - Shot Misses the Net.
7:42 of 3rd period - Slapshot by Matt Niskanen.
7:42 of 3rd period - Shot Blocked by Cody Hodgson.
7:44 of 3rd period - Wrist shot by Matt Frattin.
7:44 of 3rd period - Shot Misses the Net.
8:04 of 3rd period - Wrist shot by Matt Frattin.
8:04 of 3rd period - Stopped by Jacob Markstrom without a rebound.
8:05 of 3rd period - Derek Stepan wins face-off versus Rob Niedermayer in Senators zone.
8:34 of 3rd period - Wrist shot by Gabriel Bourque.
8:34 of 3rd period - Stopped by Anders Lindback without a rebound.
8:35 of 3rd period - Rob Niedermayer wins face-off versus Brandon Bochenski in Sasquatch zone.
9:08 of 3rd period - Slapshot by Kevin Porter.
9:08 of 3rd period - Shot Misses the Net.
9:10 of 3rd period - Slapshot by Keith Yandle.
9:10 of 3rd period - Stopped by Jacob Markstrom without a rebound.
9:11 of 3rd period - Rob Niedermayer wins face-off versus Derek Stepan in Senators zone.
9:36 of 3rd period - Gabriel Bourque is hit by Kyle Clifford.
10:11 of 3rd period - Slapshot by Keith Yandle.
10:11 of 3rd period - Deflect By Zack Kassian.
10:11 of 3rd period - Stopped by Jacob Markstrom with a rebound.
10:26 of 3rd period - Icing by Oskar Osala.
10:27 of 3rd period - Rob Niedermayer wins face-off versus Kevin Porter in Sasquatch zone.
10:36 of 3rd period - Nick Leddy is hit by Gabriel Bourque and loses puck.
11:30 of 3rd period - Minor Penalty to Erik Karlsson for Hooking.
11:31 of 3rd period - Rob Niedermayer wins face-off versus Kevin Porter in Senators zone.
11:57 of 3rd period - Milan Jurcina is hit by D.J King and loses puck.
12:36 of 3rd period - Minor Penalty to Oskar Osala for Tripping.
12:37 of 3rd period - Rob Niedermayer wins face-off versus Kevin Porter in Sasquatch zone.
12:42 of 3rd period - Niklas Hagman is hit by Kevin Porter and loses puck.
13:30 of 3rd period - Penalty to Erik Karlsson is over, Erik Karlsson is back on ice.
14:06 of 3rd period - Keith Yandle is hit by Erik Karlsson and loses puck.
14:30 of 3rd period - Snap shot by Stanislav Chistov.
14:30 of 3rd period - Stopped by Anders Lindback with a rebound.
14:32 of 3rd period - Slapshot by Vladimir Mihalik.
14:32 of 3rd period - Deflect By Joe Corvo.
14:32 of 3rd period - Stopped by Anders Lindback without a rebound.
14:33 of 3rd period - Kevin Porter wins face-off versus Rob Niedermayer in Sasquatch zone.
14:36 of 3rd period - Penalty to Oskar Osala is over, Oskar Osala is back on ice.
14:42 of 3rd period - Slapshot by Niklas Hagman.
14:42 of 3rd period - Shot Misses the Net.
14:44 of 3rd period - Slapshot by Vladimir Mihalik.
14:44 of 3rd period - Shot Blocked by Kevin Porter.
15:12 of 3rd period - Snap shot by D.J King.
15:12 of 3rd period - Stopped by Jacob Markstrom with a rebound.
15:14 of 3rd period - Slapshot by Matt Niskanen.
15:14 of 3rd period - Stopped by Jacob Markstrom without a rebound.
15:15 of 3rd period - Cody Hodgson wins face-off versus Stephane Da Costa in Senators zone.
15:31 of 3rd period - Nick Leddy is hit by Jack Skille and loses puck.
15:40 of 3rd period - Tyson Barrie is hit by Joe Corvo and loses puck.
16:17 of 3rd period - Snap shot by Brett Sterling.
16:17 of 3rd period - Stopped by Anders Lindback without a rebound.
16:18 of 3rd period - Kevin Porter wins face-off versus Rob Niedermayer in Sasquatch zone.
18:40 of 3rd period - Keith Yandle is hit by Shane Sims and loses puck.
Goals for this period are 0 for Sasquatch vs 1 for Senators.
Shots for this period are 14 for Sasquatch vs 11 for Senators.
Output by the SimonT Hockey Simulator (STHS) for François Prévost -- Original Page W3C XHTML 1.0 Valid